Map: Acropolis LE

Players

Classic - Winner!

  • Race: Protoss Protoss
  • Spawn Location: 5:00

herO

  • Race: Protoss Protoss
  • Spawn Location: 11:00

Event: 2019 WCS Global FInals

VOD

Have the link to the VOD?

Description

Time

  • Played on: Oct. 26, 2019, 4:10 a.m.
  • Length: 13:08

All games in this series

Show
View Real Time Build Order
Export as new Build Order

Classic Protoss - Winner!

Build Orders:  

Get SALT Encoding   

  12  0:00  Probe  
  13  0:12  Probe  
  14  0:17  Pylon  
  14  0:24  Probe (Chrono Boost)  
  15  0:36  Gateway  
  15  0:37  Probe (Chrono Boost)  
  16  0:44  Probe (Chrono Boost)  
  16  0:45  Assimilator  
  17  0:51  Probe  
  17  0:54  Assimilator  
  18  1:03  Probe (Chrono Boost)  
  19  1:13  Probe (Chrono Boost)  
  19  1:15  Gateway  
  19  1:18  Probe (Chrono Boost)  
  20  1:25  Cybernetics Core  
  21  1:29  Probe  
  22  1:34  Pylon  
  22  1:41  Probe  
  24  2:02  Stalker x2  
  24  2:04  Robotics Facility  
  27  2:09  Warp Gate  
  27  2:15  Pylon  
  27  2:16  Probe  
  28  2:32  Stalker  
  28  2:33  Stalker  
  32  2:50  Immortal (Chrono Boost)  
  36  3:03  Shield Battery  
  36  3:09  Sentry  
  37  3:13  Pylon  
  37  3:15  Shield Battery  
  37  3:20  Warp Prism (Chrono Boost)  
  39  3:49  Immortal, Pylon  
  43  4:00  Sentry, Adept  
  43  4:03  Stalker  
  43  4:04  Stalker  
  47  4:27  Sentry x2  
  51  4:51  Stalker  
  51  5:05  Zealot  
  44  5:14  Zealot  
  27  5:28  Zealot  
  27  5:34  Probe (Chrono Boost)  
  24  5:44  Probe (Chrono Boost)  
  24  5:49  Probe (Chrono Boost)  
  18  6:00  Stalker, Probe  
  21  6:13  Probe (Chrono Boost)  
  22  6:25  Probe (Chrono Boost)  
  24  6:33  Probe (Chrono Boost)  
  24  6:39  Probe  
  25  6:47  Stalker  
  25  6:51  Probe  
  28  7:02  Sentry  
  28  7:03  Probe  
  31  7:15  Probe (Chrono Boost)  
  32  7:27  Probe (Chrono Boost)  
  33  7:32  Stalker  
  33  7:35  Probe (Chrono Boost)  
  36  7:39  Phoenix  
  36  7:42  Probe  
  37  7:45  Sentry  
  39  7:54  Probe  
  40  7:58  Stargate  
  40  8:06  Probe  
  41  8:18  Probe  
  42  8:28  Nexus  
  42  8:37  Pylon  
  42  8:44  Phoenix (Chrono Boost)  
  44  9:03  Phoenix (Chrono Boost)  
  44  9:09  Shield Battery, Probe  
  47  9:11  Pylon  
  43  9:24  Phoenix (Chrono Boost)  
  45  9:32  Probe  
  46  9:46  Phoenix (Chrono Boost)  
  46  9:52  Adept x2  
  52  10:04  Phoenix, Probe x2  
  56  10:12  Robotics Facility  
  56  10:21  Probe x2  
  58  10:28  Pylon  
  58  10:32  Phoenix (Chrono Boost)  
  60  10:37  Probe x2  
  62  10:45  Assimilator  
  62  10:48  Phoenix (Chrono Boost)  
  62  10:55  Probe x2  
  66  11:03  Observer  
  67  11:04  Pylon  
  67  11:07  Assimilator, Probe  
  67  11:08  Probe  
  69  11:12  Phoenix (Chrono Boost)  
  73  11:27  Warp Prism (Chrono Boost)  
  73  11:29  Phoenix (Chrono Boost)  
  77  11:42  Gateway  
  77  11:44  Sentry  
  77  11:45  Adept  
  79  11:52  Phoenix  
  79  11:53  Pylon  
  81  12:10  Gateway  
  81  12:14  Stalker  
  83  12:16  Stalker  
  83  12:17  Phoenix (Chrono Boost)  
  87  12:37  Stalker  
  89  12:39  Stalker x2, Phoenix (Chrono Boost)  
  73  13:01  Stalker  
Show
View Real Time Build Order
Export as new Build Order

herO Protoss 

Build Orders: Oracle Opening, Phoenix Opening 

Get SALT Encoding   

  12  0:00  Probe  
  13  0:12  Probe  
  14  0:17  Pylon  
  14  0:24  Probe (Chrono Boost)  
  16  0:37  Gateway, Probe (Chrono Boost)  
  16  0:43  Probe (Chrono Boost)  
  16  0:45  Assimilator  
  17  0:51  Probe  
  17  0:54  Assimilator  
  18  1:03  Probe (Chrono Boost)  
  19  1:06  Gateway  
  19  1:12  Probe (Chrono Boost)  
  19  1:17  Probe (Chrono Boost)  
  20  1:23  Cybernetics Core  
  21  1:29  Probe  
  22  1:35  Pylon  
  22  1:41  Probe  
  24  2:00  Stalker, Sentry, Warp Gate  
  28  2:03  Pylon  
  28  2:04  Probe  
  28  2:29  Nexus  
  28  2:34  Phoenix  
  28  2:39  Stargate  
  28  2:46  Stalker  
  30  2:55  Stalker  
  30  2:57  Probe  
  33  3:10  Shield Battery  
  32  3:19  Oracle (Chrono Boost)  
  35  3:43  Shield Battery  
  35  3:45  Shield Battery  
  35  3:47  Oracle (Chrono Boost)  
  38  3:48  Zealot  
  38  3:53  Adept  
  42  4:02  Gateway  
  42  4:06  Robotics Facility  
  42  4:23  Phoenix (Chrono Boost)  
  42  4:30  Pylon  
  44  4:33  Shield Battery  
  44  4:34  Adept  
  46  4:40  Zealot  
  48  4:47  Shield Battery  
  46  5:00  Zealot  
  42  5:11  Immortal (Chrono Boost)  
  21  5:51  Probe  
  22  6:03  Probe  
  23  6:15  Probe  
  24  6:24  Pylon  
  24  6:28  Probe (Chrono Boost)  
  24  6:32  Observer  
  27  6:40  Probe (Chrono Boost)  
  27  6:45  Probe (Chrono Boost)  
  28  6:54  Probe  
  29  7:07  Probe  
  30  7:19  Probe  
  30  7:20  Immortal  
  35  7:27  Pylon  
  35  7:31  Probe (Chrono Boost)  
  36  7:40  Probe (Chrono Boost)  
  37  7:45  Probe (Chrono Boost)  
  38  7:58  Warp Prism  
  38  8:00  Probe  
  38  8:03  Sentry  
  43  8:14  Probe  
  43  8:16  Pylon  
  44  8:26  Probe  
  45  8:29  Sentry  
  47  8:38  Probe  
  48  8:46  Immortal  
  52  8:53  Sentry  
  54  9:06  Pylon  
  54  9:17  Phoenix  
  47  9:33  Phoenix  
  49  9:38  Nexus  
  49  9:50  Stargate  
  49  9:58  Phoenix  
  51  10:00  Probe (Chrono Boost)  
  52  10:11  Probe (Chrono Boost)  
  53  10:16  Probe (Chrono Boost)  
  54  10:26  Probe  
  57  10:30  Phoenix (Chrono Boost)  
  57  10:37  Phoenix (Chrono Boost)  
  59  10:43  Probe  
  60  10:56  Probe  
  61  10:59  Probe  
  61  11:00  Pylon  
  59  11:05  Assimilator  
  59  11:07  Assimilator  
  59  11:14  Phoenix  
  59  11:15  Probe (Chrono Boost)  
  59  11:17  Probe (Chrono Boost)  
  63  11:24  Stargate  
  63  11:28  Probe (Chrono Boost)  
  63  11:29  Probe (Chrono Boost)  
  65  11:35  Probe x2 (Chrono Boost)  
  99  11:40  Phoenix (Chrono Boost)  
  69  11:42  Probe  
  69  11:45  Probe  
  68  12:04  Phoenix (Chrono Boost)  
  68  12:05  Stalker  
  68  12:09  Phoenix (Chrono Boost)  
  70  12:18  Shield Battery  
  72  12:23  Phoenix (Chrono Boost), Shield Battery  
  71  12:43  Stalker  
Tags
 
Add a new tag
Caveats
  • Supply blocks, unpowered buildings, or Contaminate may cause inaccurate times.
  • Supply counts are checked every 10 seconds.